 Dungeon Crawl Stone Soup version 0.20.0-10-g0535bb4 (webtiles) character file.

198 IcyNumb the Poker (level 5, 0/41 HPs)
             Began as a Merfolk Fighter on June 5, 2017.
             Slain by a worker ant zombie (5 damage)
             ... on level 5 of the Dungeon.
             The game lasted 00:05:06 (2793 turns).

IcyNumb the Poker (Merfolk Fighter)                 Turns: 2793, Time: 00:05:07

Health: 0/41       AC:  6    Str: 16    XL:     5   Next: 76%
Magic:  5/5        EV: 11    Int:  8    God:
Gold:   68         SH:  0    Dex: 14    Spells: 4/4 levels left

rFire    . . .     SeeInvis .   a - +0 trident
rCold    . . .     Gourm    +   (no shield)
rNeg     . . .     Faith    .   b - +0 scale mail
rPois    .         Spirit   .   (no helmet)
rElec    .         Reflect  .   (no cloak)
rCorr    .         Harm     .   (no gloves)
MR       .....                  (no boots)
Stlth    ..........             l - amulet of the gourmand
Regen    0.2/turn               m - ring of wizardry
MPRegen  0.1/turn               (no ring)

@: no status effects
A: change form in water, swift swim, stealthy swim
a: no special abilities


You were on level 5 of the Dungeon.
You were completely stuffed.

You visited 1 branch of the dungeon, and saw 5 of its levels.

You collected 68 gold pieces.

Inventory:

Hand Weapons
 a - a +0 trident (weapon)
Armour
 b - a +0 scale mail (worn)
 c - a +0 shield
 g - a +0 chain mail
 r - a +0 large shield
Jewellery
 l - an amulet of the gourmand (around neck)
 m - a ring of wizardry (left hand)
Wands
 t - a wand of acid (1/15)
Scrolls
 e - a scroll of immolation {unknown}
 i - 2 scrolls of remove curse {unknown}
 j - 4 scrolls of identify {unknown}
 k - a scroll of enchant armour {unknown}
 n - a scroll of magic mapping {unknown}
 u - a scroll of random uselessness {unknown}
 v - a scroll of fog {unknown}
Potions
 d - a potion of might
 h - 3 potions of curing {unknown}
 o - a potion of flight {unknown}
 p - a potion of magic {unknown}
 s - 2 potions of berserk rage {unknown}
 x - a potion of brilliance {unknown}
Comestibles
 f - a bread ration
 q - a meat ration
 w - a chunk of flesh


   Skills:
 - Level 3.2 Fighting
 * Level 7.1 Polearms
 - Level 2.1 Armour
 + Level 3.7 Dodging
 - Level 3.0 Shields


You had 4 spell levels left.
You didn't know any spells.

Dungeon Overview and Level Annotations

Branches:
Dungeon (5/15)
 Temple: D:4-7

Altars:
Makhleb
Okawaru

Shops:
D:4 (


Message History

There is an escape hatch in the floor here.
You are not religious.
The orc hits you but does no damage.
You slide downwards.
The hatch slams shut behind you.
An ooze and a worker ant come into view.
The ooze quivers.
The worker ant twitches its antennae in your direction.
Found a bread ration.
Found a stone staircase leading up.
You hit the orc.
The orc is almost dead.
The orc hits you but does no damage.
You hit the orc.
You kill the orc!
Found 16 gold pieces.
A worker ant zombie comes into view.
The worker ant misses you.
Found 3 scrolls labeled OSIYLLUFOMAS.
The worker ant barely misses you. The worker ant zombie bites you.
You die...

$.....#
#.....#
##.....#
#.).%..#
#.....#######
#.....##...?##
#............#
#....JZ......#
#....a@......#
#............#
#.....########
#.....#
#.....#
#.....+
#######


You could see a worker ant, an ooze and a worker ant zombie.

Vanquished Creatures
  An orc priest (D:4)
  A hound skeleton (D:3)
  9 adders
  2 worms
  4 dart slugs
  A leopard gecko (D:2)
  3 orcs
  A giant cockroach (D:2)
  4 goblins
  5 hobgoblins
  10 jackals
  A quokka (D:4)
  A ball python (D:2)
  4 bats
  5 frilled lizards
  3 kobolds
  9 rats
64 creatures vanquished.

Notes
Turn   | Place    | Note
-------+----------+-------------------------------------------
     0 | D:1      | IcyNumb the Merfolk Fighter began the quest for the Orb.
     0 | D:1      | Reached XP level 1. HP: 18/18 MP: 1/1
   102 | D:1      | Reached skill level 1 in Dodging
   102 | D:1      | Reached XP level 2. HP: 21/24 MP: 2/2
   255 | D:1      | Reached skill level 4 in Polearms
   778 | D:2      | Reached XP level 3. HP: 29/29 MP: 3/3
   894 | D:2      | Reached skill level 5 in Polearms
  1108 | D:2      | Reached XP level 4. HP: 35/35 MP: 4/4
  1844 | D:3      | Found an iron altar of Okawaru.
  2085 | D:3      | Reached skill level 6 in Polearms
  2088 | D:3      | Reached XP level 5. HP: 39/41 MP: 5/5
  2409 | D:4      | Found a burning altar of Makhleb.
  2755 | D:4      | Reached skill level 7 in Polearms
  2765 | D:4      | HP: 2/41 [orc priest/divine providence (8)]
  2779 | D:4      | Found Vatusku's Weapon Emporium.
  2786 | D:5      | Entered Level 5 of the Dungeon
  2793 | D:5      | Slain by a worker ant zombie

Skill      XL: |  1  2  3  4  5 |
---------------+----------------+-----
Dodging        | 1 2 3 |  3.7
Polearms       | 4 5 6 7 |  7.1
Fighting       | |  3.2
Armour         | |  2.1
Shields        | |  3.0

Action                   |  1- 3 |  4- 6 || total
-------------------------+-------+-------++-------
Melee: Trident           |   107 |   116 ||   223
  Eat: Chunk             |     8 |    12 ||    20
Armor: Scale mail        |    41 |    33 ||    74
Dodge: Dodged            |    55 |    39 ||    94
